 Dungeon Crawl Stone Soup version 0.25-b1-23-ge2ad7d536c (webtiles) character file.

Game seed: 12432642152685579182, levelgen mode: deterministic

3110 funkygono the Basher (level 9, -5/56 HPs)
             Began as a Gargoyle Fighter on June 3, 2020.
             Was a Priest of Okawaru.
             Slain by a spark wasp (21 damage)
             ... on level 8 of the Dungeon.
             The game lasted 00:20:51 (8535 turns).

funkygono the Basher (Gargoyle Fighter)             Turns: 8535, Time: 00:20:52

Health: -5/56      AC: 17    Str: 19    XL:     9   Next: 91%
Magic:  9/9        EV:  7    Int:  9    God:    Okawaru [***...]
Gold:   528        SH: 11    Dex:  9    Spells: 8/8 levels left

rFire    + . .     SeeInvis +   u - +9 mace of Awkwardness {flame, MR+++ Str-4 SInv Stlth+}
rCold    . . .     Gourm    .   c - +1 kite shield
rNeg     + + .     Faith    .   z - +0 chain mail
rPois    ∞         Spirit   .   (no helmet)
rElec    +         Reflect  .   (no cloak)
rCorr    .         Harm     .   y - +0 pair of gloves
MR       +++..                  (no boots)
Stlth    ..........             s - amulet of the acrobat
HPRegen  0.18/turn              k - ring of positive energy
MPRegen  0.11/turn              v - ring of protection from fire

@: no status effects
A: negative energy resistance 1, electricity resistance, unbreathing,
petrification resistance, rot immunity, AC +6
a: Heroism, Renounce Religion


You were on level 8 of the Dungeon.
You worshipped Okawaru.
Okawaru was most pleased with you.
You were not hungry.

You visited 2 branches of the dungeon, and saw 9 of its levels.
You also visited: Sewer.

You collected 528 gold pieces.

Inventory:

Hand Weapons
 a - a +1 flail
 u - the +9 mace of Awkwardness (weapon) {flame, MR+++ Str-4 SInv Stlth+}
   (You found it on level 5 of the Dungeon)

   It has been specially enchanted to burn those struck by it, causing extra
   injury to most foes and up to half again as much damage against particularly
   susceptible opponents.
   It affects your strength (-4).
   It affects your resistance to hostile enchantments.
   It lets you see invisible.
   It makes you more stealthy.
Missiles
 d - 139 arrows
 i - 188 stones (quivered)
 B - 37 bolts
Armour
 b - a +0 scale mail
 c - a +1 kite shield (worn)
 y - a +0 pair of gloves (worn)
 z - a +0 chain mail (worn)
Magical Staves
 F - an uncursed staff of cold {unknown}
Jewellery
 k - a ring of positive energy (left hand)
 s - an amulet of the acrobat (around neck)
 v - a ring of protection from fire (right hand)
 C - an uncursed ring of wizardry {unknown}
Wands
 r - a wand of polymorph (15)
Scrolls
 h - 5 scrolls of remove curse
 j - 3 scrolls of fear
 m - 5 scrolls of teleportation
 p - 2 scrolls of blinking
 t - a scroll of identify
 A - 2 scrolls of fog
 D - a scroll of enchant armour
 E - a scroll of random uselessness {unknown}
 G - a scroll of magic mapping
Potions
 e - 4 potions of haste
 g - 5 potions of flight
 l - a potion of curing
 n - a potion of magic {unknown}
 o - a potion of might
 q - 4 potions of stabbing {unknown}
 w - a potion of resistance {unknown}
 x - a potion of berserk rage {unknown}
Comestibles
 f - 18 rations
 H - a chunk of flesh


   Skills:
 + Level 6.4 Fighting
 + Level 8.5 Maces & Flails
 + Level 6.2 Armour
 + Level 3.2 Dodging
 + Level 1.6 Stealth
 + Level 8.0 Shields


You had 8 spell levels left.
You didn't know any spells.
Your spell library contained the following spells:

 Spells                   Type           Power        Failure   Level  Hunger
 Animate Skeleton         Necr           N/A          100%        1    ##.....
 Apportation              Tloc           #.....       100%        1    ##.....
 Corona                   Hex            #......      100%        1    ##.....
 Summon Small Mammal      Summ           #...         100%        1    ##.....
 Ensorcelled Hibernation  Hex/Ice        #.....       100%        2    ###....
 Confusing Touch          Hex            #.......     100%        3    ####...
 Dazzling Flash           Conj/Hex       #.....       100%        3    ####...
 Tukima's Dance           Hex            #.......     100%        3    ####...


Dungeon Overview and Level Annotations

Branches:
Dungeon (8/15)             Temple (1/1) D:4           Sewer (visited)
   Lair: D:8-11

Altars:
Ashenzari
Cheibriados
Dithmenos
Elyvilon
Fedhas
Gozag
Hepliaklqana
Kikubaaqudgha
Makhleb
Nemelex Xobeh
Okawaru
Qazlal
Ru
Sif Muna
Trog
Uskayaw
Vehumet
Wu Jian
Xom
Yredelemnul
Zin
The Shining One

Shops:
D:7 ?   D:8 %=*[


Innate Abilities, Weirdness & Mutations

You are resistant to torment.
Your stone body is resilient. (AC +6)
You are immune to poison.
You resist negative energy. (rN+)
You are resistant to electric shocks. (rElec)
You can survive without breathing.
You are immune to petrification.
You are immune to rotting.


Message History

The enormous slime creature hits you.
You hit the enormous slime creature. You burn the enormous slime creature.
The enormous slime creature is moderately wounded.
The enormous slime creature hits you!!!
Ouch! That really hurt!
* * * LOW HITPOINT WARNING * * *
There is an open door here.
You see here a hound skeleton.
Evoke which item? (* to show all) (? for menu, Esc to quit)
Aiming: Polymorph
Press: ? - help, Shift-Dir - straight line, f - enormous slime creature
Aim: an enormous slime creature (moderately wounded, chance to defeat MR: 28%)
An enormous slime creature splits.
A large slime creature splits.
The slime creature evaporates and reforms as a glowing shapeshifter!
The slime creature evaporates and reforms as an ice dragon!
A large slime creature splits.
The slime creature evaporates and reforms as a spark wasp!
The slime creature evaporates and reforms as a faun!
The spark wasp stings you!!
You die...

... #####'#.##.# ...
#....÷..##.######## .#
#.......##........# ...
#.......#########.# .##
#.......# #.# .#
#.......# #.# ##
#.......# #.# ..
#.cDp..## #.# .###.
#y@....# #.# ......#
#........# #.# .####.#
#...###### #.# .## #.#
### #... ###########.#
....... ..# #...
##........[#.# .####.#
#.# #... #..........'.#
.# #.# #.# #...
#..........### .# #.#
#.##########.##########
.####.###.##.......#.#


You could see an ice dragon, a spark wasp, a glowing shapeshifter and a faun.

Vanquished Creatures
  Grinder (D:4)
  A spriggan (D:7)
  A wyvern (D:8)
  A water moccasin (D:8)
  2 orc warriors
  An ice beast (D:6)
  A black bear (D:7)
  3 ogres
  2 centaurs (D:5)
  3 big kobolds (Sewer)
  5 bullfrogs
  A wyvern skeleton (D:7)
  A scorpion (D:5)
  A howler monkey (D:5)
  4 crimson imps
  3 hounds
  5 orc priests
  Terence (D:3)
  6 orc wizards
  5 worker ants
  A hound skeleton (D:4)
  A worker ant zombie (D:7)
  12 adders
  4 gnolls (D:6)
  A river rat (Sewer)
  4 oozes
  2 adder skeletons
  8 worms
  2 dart slugs
  3 leopard geckos
  18 orcs
  11 bats
  7 giant cockroaches
  8 goblins
  7 hobgoblins
  16 jackals
  4 quokkas
  3 ball pythons
  9 frilled lizards
  A giant cockroach zombie (D:5)
  13 kobolds
  17 rats
200 creatures vanquished.

Notes
Turn   | Place    | Note
-------+----------+-------------------------------------------
     0 | D:1      | funkygono the Gargoyle Fighter began the quest for the Orb.
     0 | D:1      | Reached XP level 1. HP: 14/14 MP: 1/1
   248 | D:1      | Reached XP level 2. HP: 14/19 MP: 2/2
  1284 | D:2      | Reached XP level 3. HP: 11/23 MP: 3/3
  1676 | D:2      | HP: 1/23 [adder (2)]
  1691 | D:2      | Reached XP level 4. HP: 19/28 MP: 4/4
  2085 | D:2      | Reached skill level 1 in Dodging
  2896 | D:3      | Noticed Terence
  2910 | D:3      | Killed Terence
  2910 | D:3      | Reached XP level 5. HP: 19/32 MP: 5/5
  3262 | D:3      | Found a glowing drain.
  3267 | Sewer    | Entered a sewer
  3423 | Sewer    | Noticed a big kobold
  3440 | Sewer    | Killed a big kobold
  3440 | Sewer    | Reached skill level 5 in Shields
  3440 | Sewer    | Reached XP level 6. HP: 38/38 MP: 6/6
  4270 | D:3      | Found a white marble altar of Elyvilon.
  4273 | D:3      | Found a radiant altar of Vehumet.
  4276 | D:3      | Found a sparkling altar of Nemelex Xobeh.
  4279 | D:3      | Found an ancient bone altar of Kikubaaqudgha.
  4293 | D:3      | Reached XP level 7. HP: 43/43 MP: 7/7
  4703 | D:4      | Found a staircase to the Ecumenical Temple.
  4721 | Temple   | Entered the Ecumenical Temple
  4745 | Temple   | Became a worshipper of Warmaster Okawaru
  4880 | D:4      | Noticed Grinder
  4916 | D:4      | Killed Grinder
  4916 | D:4      | Reached * piety under Okawaru
  4916 | D:4      | Reached skill level 5 in Maces & Flails
  5291 | D:5      | Entered Level 5 of the Dungeon
  5338 | D:5      | Reached XP level 8. HP: 32/48 MP: 8/8
  5391 | D:5      | Reached skill level 1 in Stealth
  5581 | D:5      | Got a polished mace
  5582 | D:5      | Identified the +9 mace of Awkwardness {flame, MR+++ Str-4
                  | SInv Stlth+} (You found it on level 5 of the Dungeon)
  6263 | D:6      | Reached ** piety under Okawaru
  6362 | D:6      | Reached skill level 5 in Armour
  6702 | D:7      | Reached skill level 5 in Fighting
  6722 | D:7      | Reached XP level 9. HP: 34/54 MP: 9/9
  6911 | D:7      | Found Nuin's Magic Scroll Shoppe.
  7728 | D:8      | Found Ceipponto's Jewellery Boutique.
  7751 | D:8      | Reached *** piety under Okawaru
  7934 | D:8      | Found Ysmeix's Food Shoppe.
  8059 | D:8      | Found Gaggun's Armour Emporium.
  8503 | D:8      | Found Dihuan's Assorted Antiques.
  8535 | D:8      | Noticed a glowing shapeshifter
  8535 | D:8      | a slime creature changed into a glowing shapeshifter
  8535 | D:8      | Noticed an ice dragon
  8535 | D:8      | a slime creature changed into an ice dragon
  8535 | D:8      | Noticed a spark wasp
  8535 | D:8      | a slime creature changed into a spark wasp
  8535 | D:8      | Noticed a faun
  8535 | D:8      | a slime creature changed into a faun
  8535 | D:8      | Slain by a spark wasp

Illustrated notes

Levels and vault maps discovered:
D:1:      ncdulo_halloftheorcs, layout_basic, minmay_pentomino_p4
D:2:      minmay_wonky_spiral, layout_rooms, minmay_unequal
D:3:      layout_loops_cross, grunt_temple_overflow_cloverleaf,
          gup_sewer_entry_bowl, first_ration, uniq_terence
D:4:      layout_rooms, minmay_temple_entry_sparse_star, uniq_grinder
D:5:      layout_rooms, kennysheep_cross_room
D:6:      layout_basic, minmay_holes, grunt_ministairs_11, minivault_24
D:7:      layout_layer_cave, serial_shops, nicolae_shop_trees, the_bakery,
          lemuel_old_faithful
D:8:      layout_basic, serial_shops, shop, nicolae_shop_behind_doors, shop,
          shop
Temple:   hc_temple_tempest_star

Skill      XL: |  1  2  3  4  5  6  7  8  9 |
---------------+----------------------------+-----
Shields        | 4 5 7 8 |  8.0
Dodging        | 1 2 3 |  3.2
Armour         | 4 5 6 |  6.2
Maces & Flails | 3 4 5 7 8 |  8.5
Fighting       | 4 5 6 |  6.4
Stealth        | 1 |  1.6

Action                   |  1- 3 |  4- 6 |  7- 9 || total
-------------------------+-------+-------+-------++-------
Melee: Flail             |   407 |   476 |   158 ||  1041
       Mace              |       |       |   210 ||   210
Throw: Stone             |     1 |       |       ||     1
Invok: Heroism           |       |       |     1 ||     1
Evoke: Wand              |       |       |     1 ||     1
  Use: Scroll            |     2 |     2 |     8 ||    12
       Potion            |     2 |       |     1 ||     3
  Eat: Chunk             |     1 |     9 |    14 ||    24
       Ration            |     1 |       |       ||     1
Armor: Scale mail        |   375 |   284 |   132 ||   791
       Chain mail        |       |       |    14 ||    14
Dodge: Dodged            |   181 |   191 |   151 ||   523
Block: Kite shield       |   364 |   274 |   191 ||   829
